 Dungeon Crawl Stone Soup version 0.27.1-1-g398f81649c (webtiles) character file.

Game seed: 9326433002276412274

525 Kinoniko the Cudgeller (level 7, -1/41 HPs)
             Began as a Gargoyle Berserker on Sept 9, 2021.
             Was a Believer of Trog.
             Slain by an ice beast (10 damage)
             ... on level 5 of the Dungeon.
             The game lasted 00:03:34 (4720 turns).

Kinoniko the Cudgeller (Gargoyle Berserker)         Turns: 4720, Time: 00:03:35

Health: -1/41      AC: 14    Str: 23    XL:     7   Next: 22%
Magic:  7/7        EV: 10    Int:  7    God:    Trog [**....]
Gold:   168        SH:  0    Dex:  9    Spells: 6/6 levels left

rFire    . . .     SeeInvis .   s - +0 flail
rCold    . . .     Faith    .   (no shield)
rNeg     + . .     Spirit   .   n - +0 scale mail
rPois    ∞         Reflect  .   h - +0 helmet
rElec    +         Harm     .   (no cloak)
rCorr    .         Rampage  .   i - +0 pair of gloves
Will     .....                  (no boots)
Stlth    ..........             (no amulet)
HPRegen  0.13/turn              (no ring)
MPRegen  0.10/turn              (no ring)

@: on berserk cooldown
A: sickness immunity, AC +4, negative energy resistance 1, electricity
resistance, torment resistance 1, petrification resistance
a: Renounce Religion, Berserk, Trog's Hand


You were on level 5 of the Dungeon.
You worshipped Trog.
Trog was pleased with you.
You visited 1 branch of the dungeon, and saw 5 of its levels.

You collected 168 gold pieces.

Inventory:

Hand Weapons
 a - a +0 mace
 s - a +0 flail (weapon)
Armour
 b - a +0 animal skin
 h - a +0 helmet (worn)
 i - a +0 pair of gloves (worn)
 n - a +0 scale mail (worn)
Wands
 q - a wand of mindburst (8)
Scrolls
 c - a scroll of enchant weapon
 j - a scroll of enchant armour
 l - 4 scrolls of blinking
Potions
 d - a potion of berserk rage {unknown}
 e - 2 potions of lignification {unknown}
 f - 2 potions of curing {unknown}
 k - a potion of degeneration {unknown}
 o - 2 potions of heal wounds {unknown}
 r - a potion of cancellation {unknown}


   Skills:
 - Level 3.4 Fighting
 * Level 7.1 Maces & Flails
 + Level 4.4 Armour
 - Level 1.5 Dodging


You had 6 spell levels left.
You didn't know any spells.
Your spell library was empty.

Dungeon Overview and Level Annotations

Branches:
Dungeon (5/15)
 Temple: D:4-7

Altars:
Elyvilon
Qazlal
Uskayaw
Wu Jian

Shops:
D:4 *


Innate Abilities, Weirdness & Mutations

You are immune to sickness and miasma.
Your stone body is resilient. (AC +4)
You are immune to poison.
You resist negative energy. (rN+)
You are resistant to electric shocks. (rElec)
You are resistant to unholy torment.
You are immune to petrification.


Message History

The centaur closely misses you.
The ice beast hits you but does no damage.
Unknown command.
You hit the centaur.
The centaur is almost dead.
The centaur hits you but does no damage.
The centaur misses you. The centaur closely misses you. x2
The ice beast completely misses you.
You closely miss the centaur.
The centaur is almost dead.
You feel yourself speed up.
The centaur hits you but does no damage.
The centaur barely misses you. The ice beast hits you.
The ice beast freezes you.
The centaur hits you but does no damage.
The centaur kicks you but does no damage.
The ice beast hits you but does no damage.
The centaur misses you.
The centaur kicks you but does no damage.
You barely miss the centaur.
The centaur is almost dead.
The centaur hits you.
* * * LOW HITPOINT WARNING * * *
The centaur barely misses you.
The ice beast hits you but does no damage.
Unknown command.
You barely miss the centaur.
The centaur is almost dead.
The centaur hits you but does no damage.
The centaur barely misses you. The ice beast barely misses you.
The centaur hits you but does no damage.
The centaur barely misses you.
Unknown command.
You hit the centaur.
You kill the centaur!
Trog accepts your kill. The ice beast hits you.
* * * LOW HITPOINT WARNING * * *
The ice beast freezes you!
You die...

##### ## . ####≈≈≈ ..#.
##..#≈♣♣ .... ###...'..♣
...# ##.....'.♣ #..#
##....$@#≈♣
#..#######.....Y)#≈≈≈
#.......##.......#####
.....................#
.####...................
##....#######...........
#......## #####.......
........## ######c
.........##


You could see an ice beast.

Vanquished Creatures
  A water moccasin (D:5)
  An ogre (D:4)
  A centaur (D:5)
  A scorpion (D:4)
  A water moccasin skeleton (D:5)
  A hound (D:4)
  A bullfrog skeleton (D:5)
  Ijyb (D:3)
  An iguana (D:4)
  4 adders
  A shadow imp (D:5)
  An ufetubus (D:4)
  A worm (D:3)
  2 dart slugs (D:2)
  An orc (D:3)
  4 ball pythons
  4 bats
  6 endoplasms
  2 giant cockroaches
  8 goblins
  2 hobgoblins
  3 jackals (D:2)
  7 kobolds
  3 quokkas
  5 rats
63 creatures vanquished.

Vanquished Creatures (others)
  8 plants (D:5)
8 creatures vanquished.

Grand Total: 71 creatures vanquished

Notes
Turn   | Place    | Note
-------+----------+-------------------------------------------
     0 | D:1      | Kinoniko the Gargoyle Berserker began the quest for the
                  | Orb.
     0 | D:1      | Reached XP level 1. HP: 14/14 MP: 1/1
   829 | D:1      | Reached XP level 2. HP: 19/19 MP: 2/2
  1523 | D:2      | Reached XP level 3. HP: 23/23 MP: 3/3
  1589 | D:2      | Reached skill level 4 in Maces & Flails
  2196 | D:3      | Found a faded altar of an unknown god.
  2297 | D:3      | Reached ** piety under Trog
  2653 | D:3      | Reached XP level 4. HP: 27/28 MP: 4/4
  3045 | D:3      | Noticed Ijyb
  3058 | D:3      | Killed Ijyb
  3059 | D:3      | Reached skill level 5 in Maces & Flails
  3246 | D:4      | Found Funued Rime's Mass Market.
  3287 | D:4      | Reached XP level 5. HP: 15/32 MP: 5/5
  3909 | D:4      | Found a white marble altar of Elyvilon.
  3923 | D:4      | Reached skill level 6 in Maces & Flails
  3923 | D:4      | Reached XP level 6. HP: 31/37 MP: 6/6
  4087 | D:4      | Found a hide-covered altar of Uskayaw.
  4087 | D:4      | Found an ornate altar of the Wu Jian Council.
  4409 | D:5      | Entered Level 5 of the Dungeon
  4619 | D:5      | Found a stormy altar of Qazlal.
  4676 | D:5      | Noticed a water moccasin
  4684 | D:5      | Killed a water moccasin
  4685 | D:5      | Reached skill level 7 in Maces & Flails
  4685 | D:5      | Reached XP level 7. HP: 41/41 MP: 7/7
  4720 | D:5      | Slain by an ice beast

Illustrated notes

Levels and vault maps discovered:
D:1:      roderic_octagonal_star, layout_basic
D:2:      layout_basic
D:3:      layout_loops_cross, chequers_ecumenical_altar_island, minivault_19,
          minmay_misc_feat_secret_circle, kennysheep_flooded_box, uniq_ijyb
D:4:      layout_rooms, gammafunk_temple_overflow_elements, elyvilon_altar_3,
          minmay_shop_mass, chequers_hall_statues_wall_a
D:5:      layout_cave_pods, mainiacjoe_overflow_chevrons,
          mainiacjoe_overflow_alcove_2, lemuel_round_altar,
          minmay_temple_entry_wispy, serial_shops, shop, portal_sewer_entry_d,
          kennysheep_generic_room_12

Skill      XL: |  1  2  3  4  5  6 |
---------------+-------------------+-----
Maces & Flails | 4 5 6 7 |  7.1
Armour         | 3 4 |  4.4
Fighting       | |  3.4
Dodging        | |  1.5

Action                   |  1- 3 |  4- 6 |  7- 9 || total
-------------------------+-------+-------+-------++-------
Melee: Mace              |   136 |   118 |       ||   254
       Flail             |       |     5 |    18 ||    23
Invok: Berserk           |     2 |     4 |       ||     6
  Use: Scroll            |       |     8 |       ||     8
Armor: Animal skin       |    39 |       |       ||    39
       Scale mail        |    19 |    67 |    49 ||   135
Dodge: Dodged            |   108 |    65 |    39 ||   212
